 Dungeon Crawl Stone Soup version 0.30-a0-12-gd8047c6341 (webtiles) character file.

Game seed: 11270688063556088381

235064 Zeldest the Warrior (level 18, -2/160 HPs)
             Began as a Mummy Delver on Aug 23, 2022.
             Was a High Priest of Ashenzari.
             Killed from afar by an ironbound thunderhulk (45 damage)
             ... with a bolt of lightning
             ... on level 1 of the Vaults.
             The game lasted 01:37:17 (45282 turns).

Zeldest the Warrior (Mummy Delver)                 Turns: 45282, Time: 01:37:18

Health: -2/160     AC: 27    Str: 27    XL:     18   Next: 46%
Magic:  18/18      EV: 12    Int: 10    God:    Ashenzari [*****.]
Gold:   1667       SH: 16    Dex: 15    Spells: 17/17 levels left

rFire   + . .      SeeInvis +    q - +9 broad axe of the Curse-Bearer {flame, Self, Melee} (curse)
rCold   + + .      Faith    .    w - +2 buckler of the Restrained Ether {AC+3, Melee, Fort} (curse)
rNeg    + + +      Spirit   .    G - +2 chain mail of Ashenzari's Portent {rF+, Alch, Fort} (curse)
rPois   ∞          Reflect  +    H - +2 helmet of Ashenzari's Regret {SInv, Comp, Fort} (curse)
rElec   .          Harm     .    t - scarf "At What Cost Knowledge?" {rC+ rF+, Melee, Comp} (curse)
rCorr   +          Rampage  .    h - +0 pair of gloves "Revealing Heresy" {Contam Regen+ rCorr, Fort, Evo} (curse)
Will    +++..      Clarity  +    n - +0 pair of boots "Prescient Omission" {Self, Alch} (curse)
Stlth   ..........               g - amulet of reflection
HPRegen 1.16/turn                F - ring of willpower
MPRegen 0.16/turn                A - ring of the Bound Firmament {Str+6, Cun, Fort} (curse)

@: about to teleport
A: cold resistance 1, negative energy resistance 3, torment resistance 2, heat
vulnerability 1, in touch with death 2, no potions
}: 2/15 runes: decaying, serpentine
a: Renounce Religion, Shatter the Chains


You were on level 1 of the Vaults.
You worshipped Ashenzari.
Ashenzari was extremely pleased with you.
You visited 8 branches of the dungeon, and saw 33 of its levels.
You also visited: Bailey and Ice Cave.

You collected 3297 gold pieces.
You spent 1630 gold pieces at shops.

Inventory:

Hand Weapons
 q - the cursed +9 broad axe of the Curse-Bearer (weapon) {flame, Self, Melee}
   (You found it on level 14 of the Dungeon)

   It burns those it strikes, dealing additional fire damage.
   Big, fiery blades are also staple armaments of hydra-hunters.
   It has a curse which improves the following skills: Introspection: Fighting
   and Spellcasting.
   Melee Combat: Short Blades, Long Blades, Axes, Maces & Flails, Polearms,
   Staves and Unarmed Combat.
 z - a +0 broad axe of venom
Armour
 h - the cursed +0 pair of gloves "Revealing Heresy" (worn) {Contam Regen+ rCorr, Fort, Evo}
   (You bought it in a shop on level 2 of the Orcish Mines)

   Contam:    It causes magical contamination when unequipped.
   Regen:     It increases your rate of health regeneration.
   rCorr:     It protects you from acid and corrosion.
   It has a curse which improves the following skills: Fortitude: Armour and
   Shields.
   Evocations: Evocations.
 n - the cursed +0 pair of boots "Prescient Omission" (worn) {Self, Alch}
   (You found it on level 3 of the Dungeon)

   It has a curse which improves the following skills: Introspection: Fighting
   and Spellcasting.
   Alchemy:   Poison Magic and Transmutations.
 t - the cursed scarf "At What Cost Knowledge?" (worn) {rC+ rF+, Melee, Comp}
   (You found it in an ice cave)

   It has a curse which improves the following skills: Melee Combat: Short
   Blades, Long Blades, Axes, Maces & Flails, Polearms, Staves and Unarmed
   Combat.
   Companions: Summonings and Necromancy.
 w - the cursed +2 buckler of the Restrained Ether (worn) {AC+3, Melee, Fort}
   (You found it in a bailey)

   It has a curse which improves the following skills: Melee Combat: Short
   Blades, Long Blades, Axes, Maces & Flails, Polearms, Staves and Unarmed
   Combat.
   Fortitude: Armour and Shields.
 G - the cursed +2 chain mail of Ashenzari's Portent (worn) {rF+, Alch, Fort}
   (You bought it in a shop on level 2 of the Orcish Mines)

   It has a curse which improves the following skills: Alchemy: Poison Magic and
   Transmutations.
   Fortitude: Armour and Shields.
 H - the cursed +2 helmet of Ashenzari's Regret (worn) {SInv, Comp, Fort}
   (You bought it in a shop on level 11 of the Dungeon)

   It has a curse which improves the following skills: Companions: Summonings
   and Necromancy.
   Fortitude: Armour and Shields.
Jewellery
 a - a ring of protection from fire
 g - an amulet of reflection (around neck)
 l - an amulet of guardian spirit
 y - a ring of willpower
 A - the cursed ring of the Bound Firmament (right hand) {Str+6, Cun, Fort}
   (You found it on level 10 of the Dungeon)

   [ring of strength]

   Str:       It affects your strength (+6).
   It has a curse which improves the following skills: Cunning: Dodging and
   Stealth.
   Fortitude: Armour and Shields.
 D - an amulet of the acrobat
 F - a ring of willpower (left hand)
 J - the ring "Xyschuwn" {*Corrode rElec rC+++ Dex+6 Stlth+}
   (You found it on level 2 of the Snake Pit)

   [ring of dexterity]

   Dex:       It affects your dexterity (+6).
   rC:        It renders you almost immune to cold.
   rElec:     It insulates you from electricity.
   *Corrode:  It may corrode you when you take damage.
   Stlth:     It makes you more stealthy.
Wands
 b - a wand of mindburst (5)
 d - a wand of light (2)
 f - a wand of digging (15)
 m - a wand of paralysis (20)
 s - a wand of polymorph (22)
 u - a wand of flame (88)
 K - a wand of iceblast (3)
Scrolls
 c - 6 scrolls of fog
 e - 4 scrolls of fear
 i - 8 scrolls of noise
 j - 4 scrolls of blinking
 k - 11 scrolls of teleportation
 o - a scroll of silence
 p - 5 scrolls of magic mapping
 r - 5 scrolls of vulnerability
 v - 3 scrolls of amnesia
 x - 5 scrolls of enchant armour
 C - 3 scrolls of torment
Miscellaneous
 E - a phantom mirror
 I - a phial of floods (inert)


   Skills:
 + Level 16.0(19.3) Fighting
 - Level 10.0(14.5) Long Blades
 - Level 15.1(19.5) Axes
 + Level 13.0(19.4) Armour
 + Level 5.2(7.5) Dodging
 - Level 4.1(6.2) Stealth
 + Level 11.4(17.8) Shields
 + Level 7.2(9.5) Evocations


You had 17 spell levels left.
You didn't know any spells.
Your spell library contained the following spells:

 Spells                   Type           Power      Damage    Failure   Level
 Summon Small Mammal      Summ           4%         N/A       71%         1
 Foxfire                  Conj/Fire      0%         2x1d4     77%         1
 Freeze                   Ice            0%         1d3       77%         1
 Shock                    Conj/Air       0%         1d3       77%         1
 Slow                     Hex            0%         N/A       77%         1
 Blink                    Tloc           0%         N/A       88%         2
 Ensorcelled Hibernation  Hex/Ice        0%         N/A       88%         2
 Static Discharge         Conj/Air       0%         3-3/arc   88%         2
 Vampiric Draining        Necr           2%         2d6       96%         3
 Call Canine Familiar     Summ           1%         N/A       97%         3
 Summon Guardian Golem    Hex/Summ       0%         N/A       97%         3
 Confusing Touch          Hex            0%         N/A       98%         3
 Conjure Flame            Conj/Fire      0%         6-21      98%         3
 Dazzling Flash           Conj/Hex       0%         N/A       98%         3
 Frozen Ramparts          Ice            0%         1d1       98%         3
 Gell's Gravitas          Tloc           0%         N/A       98%         3
 Inner Flame              Hex/Fire       0%         N/A       98%         3
 Lesser Beckoning         Tloc           0%         N/A       98%         3
 Teleport Other           Tloc           0%         N/A       98%         3
 Anguish                  Hex/Necr       0%         N/A       100%        4
 Animate Dead             Necr           2%         N/A       100%        4
 Dispel Undead            Necr           2%         3d7       100%        4
 Flame Wave               Conj/Fire      0%         2d4       100%        4
 Fulminant Prism          Conj/Hex       0%         3d6       100%        4
 Hailstorm                Conj/Ice       0%         3d3       100%        4
 Iskenderun's Mystic Bla  Conj/Tloc      0%         2d3       100%        4
 Sticky Flame             Conj/Fire      0%         2d3       100%        4
 Summon Ice Beast         Ice/Summ       0%         N/A       100%        4
 Borgnjor's Vile Clutch   Necr/Erth      0%         N/A       100%        5
 Fireball                 Conj/Fire      0%         3d3       100%        5
 Irradiate                Conj/Tmut      0%         3d11      100%        5
 Lee's Rapid Deconstruct  Erth           0%         3d5*      100%        5
 Lightning Bolt           Conj/Air       0%         1d11      100%        5
 Manifold Assault         Tloc           0%         N/A       100%        5
 Summon Forest            Summ/Tloc      0%         N/A       100%        5
 Summon Mana Viper        Hex/Summ       0%         N/A       100%        5
 Yara's Violent Unravell  Hex/Tmut       0%         3d3       100%        5
 Death Channel            Necr           1%         N/A       100%        6
 Simulacrum               Ice/Necr       0%         N/A       100%        6
 Starburst                Conj/Fire      0%         6d3       100%        6
 Summon Cactus Giant      Summ           0%         N/A       100%        6
 Enfeeble                 Hex            0%         N/A       100%        7
 Haunt                    Necr/Summ      1%         N/A       100%        7
 Malign Gateway           Summ/Tloc      0%         N/A       100%        7
 Monstrous Menagerie      Summ           0%         N/A       100%        7
 Ignition                 Fire           0%         3d3       100%        8
 Maxwell's Capacitive Co  Air            0%         ∞         100%        8
 Summon Horrible Things   Summ           0%         N/A       100%        8
 Spider Form              Tmut/Pois      Unusable   N/A       N/A         3
 Ice Form                 Ice/Tmut       Unusable   N/A       N/A         4
 Blade Hands              Tmut           Unusable   N/A       N/A         5
 Dragon Form              Tmut           Unusable   N/A       N/A         7
 Storm Form               Tmut/Air       Unusable   N/A       N/A         7

Dungeon Overview and Level Annotations

Branches:
Dungeon (15/15)            Temple (1/1) D:5            Lair (5/5) D:9
  Swamp (4/4) Lair:2        Snake (4/4) Lair:2        Slime (0/5) Lair:4
    Orc (2/2) D:11            Elf (0/3) Orc:2        Vaults (1/5) D:14
 Depths (1/4) D:15         Bailey (visited)           IceCv (visited)

Altars:
Ashenzari
Cheibriados
Dithmenos
Fedhas
Gozag
Hepliaklqana
Kikubaaqudgha
Makhleb
Nemelex Xobeh
Okawaru
Qazlal
Ru
Sif Muna
Trog
Uskayaw
Vehumet
Wu Jian
Xom
Yredelemnul
Jiyva

Shops:
D:3 !   D:9 ?   D:11 [   Orc:2 **[=   Snake:1 ::=   Vaults:1 *

Portals:
Trove: D:15 (give horn of Geryon)

Annotations:
D:3 1 runed translucent door
D:4 exclusion: ogre
D:8 exclusion: killer bee
D:13 exclusion: statue
D:15 Roxanne
Lair:2 exclusion: catoblepas
Snake:4 exclusions: oklob plant and 1 more exclusion
Vaults:1 exclusion: 4 doors


Innate Abilities, Weirdness & Mutations

You are immune to poison.
Your flesh is cold resistant. (rC+)
You are immune to negative energy. (rN+++)
You are immune to unholy pain and torment.
You are vulnerable to heat. (rF-)
You are strongly in touch with the powers of death.
You do not drink.


Message History

Your surroundings suddenly seem different.
The vault sentinel shouts!
The vault sentinel shoots a bolt.
The bolt closely misses you.
The vault sentinel shoots a bolt.
The bolt hits you but does no damage.
The vault sentinel blows a loud note on a signal horn!
You hear a trumpeting! x2; You hear a horrible gurgling sound!
As you read the scroll of magic mapping, it crumbles to dust.
You feel aware of your surroundings.
The hell knight shouts!
The vault sentinel shoots a bolt.
You reflect the bolt off an invisible shield around you!
The bolt hits the vault sentinel!
Okay, then.
As you read the scroll of teleportation, it crumbles to dust.
You feel strangely unstable.
The vault sentinel blows a loud note on a signal horn!
You hear a shout! x4
The hell knight prays to its god.
The hell knight seems to speed up.
The vault sentinel shoots a bolt.
The bolt hits you.
The hell knight shouts!
The hell knight mumbles some strange prayers to its god.
The hell knight seems to speed up.
The vault sentinel shoots a bolt.
You reflect the bolt off an invisible shield around you!
The bolt hits the vault sentinel!!
The vault sentinel shoots a bolt.
You reflect the bolt off an invisible shield around you!
The bolt hits the vault sentinel!!
You kill the vault sentinel!
Your surroundings seem slightly different.
You block the hell knight's attack.
As you read the scroll of teleportation, it crumbles to dust.
You feel strangely unstable.
The hell knight mumbles some strange prayers to its god against you.
The bolt of fire hits you but does no damage.
The hell knight hits you with a +3 battleaxe!!
* * * LOW HITPOINT WARNING * * *
Electricity crackles from the ironbound thunderhulk's apparatus.
The bolt of lightning hits you!!!
You die...

...#..)................,#..''''''
...#)##'#######p........#..''''''
...#.#){p..####.........#..'''.?.
...#.#.p...#..#.........#..'''[..
####.###'###.>#§........#..'''Y))
.....##....#..#.........#..'''...
,,,..##.p..'..#.........#..''''''
,,,..*#...{####p........#.p''''''
,,,,,*#.......#.@.......#pppp''''
,,,,,*#......O#.........#pY.p....
,,,,,*#########.........#.ppp....
,,,,,,,,,,,,..O.........####p####
,,,,,,,,,,,,............#........
,,,,,,,,,,,,............#........
,,,,,,,,,,,.............#..######
,,,,,,,,,,..............#..#p'.#.
,,,,,,,,,...............#..###'#'


You could see 2 ironbound thunderhulks and 2 hell knights.

Vanquished Creatures
  A hellephant (Vaults:1)
  A tentacled monstrosity (Swamp:1)
  Kirke (D:15)
  2 thorn hunters
  5 nagarajas
  A fire giant (D:15)
  2 fenstrider witches (Swamp:4)
  An ironbound preserver (Vaults:1)
  A stone giant (Depths:1)
  A reaper (Swamp:4)
  2 very ugly things (Vaults:1)
  2 ironbound thunderhulks (Vaults:1)
  3 eleionomae (Swamp:2)
  2 bunyips
  The ghost of SensoryNuts the Spear-Bearer, a journeyman DsFi of Gozag (Snake:2)
  2 fire dragons
  Fannar (D:11)
  11 hydras
  2 yaktaur captains (Vaults:1)
  A rakshasa (D:12)
  3 boulder beetles
  4 salamander tyrants
  Erolcha (D:13)
  2 ghost crabs (Swamp:2)
  11 anacondas
  17 two-headed ogres
  4 ogre magi
  3 centaur warriors
  An ironbound frostheart (Vaults:1)
  7 alligators
  Erica (Lair:1)
  A dancing weapon (Vaults:1)
  12 death yaks
  9 naga warriors
  A tengu warrior (D:14)
  2 deep troll earth magi (Depths:1)
  A shock serpent (Snake:3)
  17 naga sharpshooters
  A deep elf knight (D:14)
  6 spriggans
  4 orc high priests
  Urug (Orc:1)
  7 hell knights (Vaults:1)
  2 salamander mystics
  4 goliath frogs
  2 iron trolls (Depths:1)
  3 death drakes
  2 sixfirhies (Swamp:4)
  A glowing orange brain (Depths:1)
  5 spriggan druids
  2 sea snakes (Snake:3)
  2 deep trolls
  4 bog bodies
  A wizard (Swamp:4)
  9 swamp dragons
  6 naga ritualists
  3 ironbound convokers (Vaults:1)
  2 deep elf zephyrmancers
  6 orc knights
  2 lindwurms (Vaults:1)
  6 orc sorcerers (Orc:2)
  9 mana vipers
  3 deep elf pyromancers
  A necromancer (IceCv)
  A wolf spider (Lair:5)
  4 will-o-the-wisps
  5 ugly things
  4 salamanders
  3 manticores
  3 guardian serpents
  10 elephants
  6 cyclopes
  Maurice (D:9)
  11 naga magi
  2 vault sentinels (Vaults:1)
  An ice statue (IceCv)
  38 black mambas
  Maggie (D:7)
  An unseen horror (D:11)
  2 gargoyles
  A kobold demonologist (D:9)
  4 rime drakes
  13 cane toads
  11 komodo dragons
  An orange demon (Swamp:4)
  5 freezing wraiths
  2 anaconda simulacra (IceCv)
  12 yaktaurs
  An efreet (D:14)
  8 trolls
  14 ice devils
  3 meliai (D:15)
  6 polar bears
  2 bloated husks (Swamp:1)
  Grinder (D:5)
  9 hornets
  8 slime creatures
  8 tyrant leeches
  3 blink frogs (Lair:5)
  A dream sheep (shapeshifter) (D:15)
  A culicivora (shapeshifter) (D:15)
  2 water elementals (D:11)
  2 dire elephant simulacra
  4 wraiths
  2 shadows (D:12)
  2 vampires (D:13)
  35 yaks
  A hog (shapeshifter) (D:13)
  8 wyverns
  4 hogs (D:15)
  5 basilisks
  2 chaos spawn (Swamp:4)
  3 redbacks (Lair:5)
  18 vampire mosquitoes
  3 death yak simulacra (IceCv)
  5 steam dragons
  16 swamp worms
  52 nagas
  3 acid dragons
  A harpy simulacrum (IceCv)
  28 water moccasins
  2 hydra simulacra (IceCv)
  5 swamp drakes
  4 black bears
  4 sky beasts
  An ice beast (D:5)
  20 orc warriors
  A sky beast (shapeshifter) (D:12)
  11 ogres
  12 centaurs
  17 wolves
  A phantom (D:6)
  A kobold brigand (D:8)
  12 bullfrogs
  4 scorpions
  3 cane toad simulacra
  9 wights
  15 killer bees
  5 elephant simulacra (IceCv)
  A howler monkey (D:6)
  10 electric eels
  A gnoll bouda (D:10)
  3 hounds
  2 jellies
  13 orc priests
  Crazy Yiuf (D:6)
  An iron imp (D:5)
  Jessica (D:3)
  9 iguanas
  26 orc wizards
  5 hell rats (Lair:4)
  3 troll simulacra (IceCv)
  3 spriggan simulacra (IceCv)
  6 polar bear simulacra (IceCv)
  4 wolf simulacra (IceCv)
  The ghost of Daxter the Shield-Bearer, a weakling FoFi (D:3)
  Robin (D:2)
  17 adders
  3 gnolls (D:10)
  A river rat (D:3)
  2 shadow imps
  6 white imps
  3 ufetubi
  2 worms (D:2)
  A dart slug (D:1)
  65 orcs
  5 ball pythons
  5 endoplasms
  7 giant cockroaches
  8 goblins
  11 hobgoblins
  4 jackals (D:2)
  7 quokkas
  2 bats
  7 frilled lizards
  7 kobolds
  3 rats
  A bush (Lair:5)
  A toadstool (Swamp:3)
1023 creatures vanquished.

Vanquished Creatures (collateral kills)
  Asterion (Snake:4)
  A hydra (D:11)
  A salamander tyrant (Snake:4)
  A naga warrior (Snake:4)
4 creatures vanquished.

Vanquished Creatures (others)
  A nagaraja (Snake:4)
  A deep elf pyromancer (D:14)
  A yaktaur (Vaults:1)
  A wraith (D:15)
  A wyvern (Lair:5)
  22 foxfires
  48 fungi
  168 plants
  10 toadstools
253 creatures vanquished.

Grand Total: 1280 creatures vanquished

Notes
Turn   | Place    | Note
-------+----------+-------------------------------------------
     0 | D:5      | Zeldest the Mummy Delver began the quest for the Orb.
     0 | D:5      | Reached XP level 1. HP: 18/18 MP: 1/1
   125 | D:2      | Identified the +7 falchion of Anger {elec, Int+3 Dex+3}
   128 | D:2      | Reached XP level 2. HP: 5/24 MP: 2/2
   134 | D:2      | HP: 1/24 [kobold/+0 dagger (3)]
   666 | D:2      | Gained mutation: You are in touch with the powers of death.
                  | [Mummy growth]
   666 | D:2      | Reached XP level 3. HP: 27/29 MP: 3/3
   866 | D:2      | Reached skill level 1 in Long Blades
   902 | D:2      | Noticed Robin
   914 | D:2      | Killed Robin
  1265 | D:1      | Reached XP level 4. HP: 37/37 MP: 4/4
  1445 | D:1      | You fall into a shaft and drop 1 floor!
  1543 | D:1      | Found a faded altar of an unknown god.
  2379 | D:3      | Noticed Jessica
  2384 | D:3      | Killed Jessica
  2385 | D:3      | Reached skill level 4 in Fighting
  2421 | D:3      | Found Qeudunt's Distillery.
  2547 | D:3      | Found a runed translucent door.
  2555 | D:3      | Noticed Daxter's ghost (weakling FoFi)
  2559 | D:3      | Noticed a bullfrog
  2576 | D:3      | Reached XP level 5. HP: 41/42 MP: 5/5
  2980 | D:3      | Found a runed translucent door.
  3124 | D:3      | Killed Daxter's ghost
  3510 | D:4      | Noticed an ogre
  3599 | D:4      | Noticed a black bear
  3601 | D:4      | Reached XP level 6. HP: 49/49 MP: 6/6
  3966 | D:5      | Reached skill level 5 in Fighting
  4074 | D:5      | Reached XP level 7. HP: 56/56 MP: 7/7
  4089 | D:5      | Reached skill level 1 in Armour
  4105 | D:5      | Found a large runed translucent door.
  4106 | D:5      | Found a large runed translucent door.
  4116 | D:5      | Noticed Grinder
  4127 | D:5      | Killed Grinder
  4128 | D:5      | Reached skill level 5 in Long Blades
  4148 | D:5      | Found a snail-covered altar of Cheibriados.
  4223 | D:5      | Found a staircase to the Ecumenical Temple.
  4236 | Temple   | Entered the Ecumenical Temple
  4342 | Temple   | Became a worshipper of Ashenzari the Shackled
  4428 | D:5      | Reached XP level 8. HP: 60/64 MP: 8/8
  4533 | D:5      | Found a sacrificial altar of Ru.
  4605 | D:5      | Reached skill level 6 in Fighting
  5823 | D:6      | Reached XP level 9. HP: 72/72 MP: 9/9
  5912 | D:6      | Found a runed translucent door.
  5913 | D:6      | Noticed Crazy Yiuf
  5921 | D:6      | Killed Crazy Yiuf
  5995 | D:7      | Reached skill level 7 in Fighting
  6015 | D:7      | Found a flagged portal.
  6066 | D:7      | Identified the +0 robe "Worhuch" {rF+ Regen+ Dex+3}
  6089 | Bailey   | Entered a bailey
  6155 | Bailey   | Noticed an orc knight
  6156 | Bailey   | Found a large runed translucent door.
  6156 | Bailey   | Found a large runed translucent door.
  6433 | Bailey   | Killed an orc knight
  6631 | Bailey   | Noticed a deep elf pyromancer
  6854 | Bailey   | Killed a deep elf pyromancer
  6855 | Bailey   | Reached skill level 1 in Evocations
  7092 | D:7      | Noticed Maggie
  7107 | D:7      | Killed Maggie
  7108 | D:7      | Reached skill level 8 in Fighting
  7108 | D:7      | Reached skill level 5 in Armour
  7108 | D:7      | Reached XP level 10. HP: 65/82 MP: 10/10
  7457 | D:7      | Found an iron altar of Okawaru.
  8020 | D:8      | Reached * piety under Ashenzari
  8224 | D:8      | Noticed a two-headed ogre
  8236 | D:8      | Killed a two-headed ogre
  8496 | D:8      | Noticed a two-headed ogre
  8511 | D:8      | Killed a two-headed ogre
  8714 | D:8      | Noticed a two-headed ogre
  8724 | D:8      | Killed a two-headed ogre
  8725 | D:8      | Reached skill level 9 in Fighting
  9171 | D:9      | Noticed a death yak
  9190 | D:8      | Killed a death yak
  9191 | D:8      | Reached XP level 11. HP: 81/90 MP: 11/11
  9243 | D:8      | Reached skill level 10 in Long Blades
  9341 | D:9      | Noticed a death yak
  9351 | D:9      | Noticed a death yak
  9557 | D:9      | Noticed a soul eater
  9762 | D:9      | Reached skill level 1 in Shields
  9958 | D:9      | Found a staircase to the Lair.
  9972 | D:9      | Killed a death yak
  9979 | D:9      | Killed a death yak
 10198 | D:9      | Found Heodas's Magic Scroll Shop.
 10201 | D:9      | Noticed a two-headed ogre
 10213 | D:9      | Killed a two-headed ogre
 10216 | D:9      | Bought a scroll of blinking for 105 gold pieces
 10216 | D:9      | Bought a scroll of teleportation for 42 gold pieces
 10216 | D:9      | Bought a scroll of magic mapping for 105 gold pieces
 10449 | D:9      | Noticed Maurice
 10463 | D:9      | Killed Maurice
 10804 | D:10     | Entered Level 10 of the Dungeon
 11033 | D:10     | Reached ** piety under Ashenzari
 11976 | D:11     | Noticed an eight-headed hydra
 12079 | Lair:1   | Entered Level 1 of the Lair of Beasts
 12118 | Lair:1   | Reached skill level 5 in Evocations
 12191 | Lair:1   | Noticed Erica
 12215 | Lair:1   | Killed Erica
 12216 | Lair:1   | Reached skill level 5 in Axes
 12250 | Lair:1   | Reached XP level 12. HP: 74/102 MP: 12/12
 12490 | Lair:1   | Noticed a seven-headed hydra
 12507 | Lair:1   | Reached skill level 10 in Fighting
 12562 | Lair:1   | Noticed a death yak
 12562 | Lair:1   | Noticed a seven-headed hydra
 12986 | Lair:2   | Found a staircase to the Snake Pit.
 13598 | Lair:2   | Found a staircase to the Swamp.
 13841 | Lair:2   | Noticed a catoblepas
 14345 | Lair:3   | Reached *** piety under Ashenzari
 14805 | D:11     | Killed a nine-headed hydra
 15022 | D:11     | Noticed a two-headed ogre
 15039 | D:11     | Killed a two-headed ogre
 15114 | D:11     | Noticed a two-headed ogre
 15121 | D:11     | Killed a two-headed ogre
 15346 | D:11     | Found a staircase to the Orcish Mines.
 15362 | D:11     | Found Fidueco's Antique Armour Emporium.
 15366 | D:11     | Bought a twisted leather armour for 196 gold pieces
 15366 | D:11     | Identified the +3 leather armour of Analysis {rC+ Will+}
                  | (You bought it in a shop on level 11 of the Dungeon)
 15619 | D:11     | Noticed a two-headed ogre
 15629 | D:11     | Killed a two-headed ogre
 15826 | Orc:1    | Entered Level 1 of the Orcish Mines
 15883 | Orc:1    | Noticed an orc high priest
 16375 | D:11     | Killed an orc high priest
 16530 | Orc:1    | Reached **** piety under Ashenzari
 16543 | Orc:1    | Reached skill level 11 in Fighting
 16768 | Orc:2    | Entered Level 2 of the Orcish Mines
 16822 | Orc:2    | Gained mutation: You are strongly in touch with the powers
                  | of death. [Mummy growth]
 16822 | Orc:2    | Reached XP level 13. HP: 110/112 MP: 13/13
 16849 | Orc:2    | Noticed Urug
 16875 | Orc:1    | Killed Urug
 16911 | Orc:1    | Reached skill level 5 in Shields
 17064 | Orc:2    | Found a staircase to the Elven Halls.
 18169 | Orc:2    | Paralysed by an orc sorcerer for 3 turns
 19042 | Orc:2    | Found Recvejom's Jewellery Shop.
 19042 | Orc:2    | Found Hoofof's Assorted Antiques.
 19043 | Orc:2    | Found Yxueghok's Assorted Antiques.
 19048 | Orc:2    | Found Visacui's Armour Shoppe.
 19052 | Orc:2    | Bought a +2 chain mail of fire resistance for 301 gold
                  | pieces
 19250 | D:11     | Bought a glowing helmet for 210 gold pieces
 19409 | Snake:1  | Entered Level 1 of the Snake Pit
 19996 | D:12     | Noticed Fannar
 20055 | D:11     | Killed Fannar
 22914 | D:13     | Found a radiant altar of Vehumet.
 23003 | D:13     | Identified the +6 dire flail "Spider's Funeral" {speed,
                  | rElec}
 23212 | D:13     | Noticed Erolcha
 23220 | D:13     | Killed Erolcha
 23583 | D:14     | Reached skill level 12 in Fighting
 23907 | Lair:1   | Reached XP level 14. HP: 103/118 MP: 14/14
 24565 | Lair:1   | Reached skill level 10 in Axes
 26549 | Lair:4   | Found a viscous altar of Jiyva.
 26550 | Lair:4   | Found a staircase to the Slime Pits.
 26555 | Lair:4   | Found a frozen archway.
 26564 | IceCv    | Entered an ice cave
 27384 | IceCv    | Found an ancient bone altar of Kikubaaqudgha.
 29082 | Lair:4   | Identified the +0 robe "Syrik" {rF+ Dex+2}
 29699 | Lair:5   | Entered Level 5 of the Lair of Beasts
 30535 | Lair:5   | Reached skill level 10 in Armour
 31484 | Lair:5   | Reached skill level 13 in Fighting
 31769 | Lair:5   | Reached XP level 15. HP: 123/123 MP: 15/15
 33817 | Orc:2    | Bought the +0 pair of gloves of Sexzaomo {Contam Regen+
                  | rCorr} for 161 gold pieces
 34316 | Swamp:1  | Entered Level 1 of the Swamp
 34412 | Swamp:1  | Noticed a tentacled monstrosity
 34429 | Swamp:1  | Killed a tentacled monstrosity
 36497 | Swamp:3  | Noticed a thorn hunter
 36513 | Swamp:3  | Killed a thorn hunter
 36555 | Swamp:3  | Reached XP level 16. HP: 91/138 MP: 16/16
 36626 | Swamp:3  | Reached skill level 14 in Fighting
 37136 | Swamp:4  | Entered Level 4 of the Swamp
 37330 | Swamp:4  | Noticed a thorn hunter
 37574 | Swamp:4  | Noticed a tentacled monstrosity
 37760 | Swamp:4  | Killed a thorn hunter
 37850 | Swamp:4  | Got a decaying rune of Zot
 38509 | Snake:1  | Found Juosum's Book Boutique.
 38511 | Snake:1  | Found Yqadev's Jewellery Shoppe.
 38513 | Snake:1  | Found Kiezeish's Book Boutique.
 38530 | Snake:1  | Bought an amulet of reflection for 510 gold pieces
 38687 | Snake:1  | Reached skill level 10 in Shields
 39109 | Snake:2  | Found a runed translucent gate.
 39109 | Snake:2  | Found a runed translucent gate.
 39109 | Snake:2  | Found a runed translucent gate.
 39116 | Snake:2  | Noticed SensoryNuts's ghost (journeyman DsFi)
 39117 | Snake:2  | Identified the ring "Xyschuwn" {*Corrode rElec rC+++ Dex+6
                  | Stlth+}
 39155 | Snake:2  | Reached XP level 17. HP: 146/146 MP: 9/17
 39216 | Snake:2  | Killed SensoryNuts's ghost
 39834 | Snake:3  | Reached skill level 15 in Fighting
 40524 | Snake:4  | Entered Level 4 of the Snake Pit
 40543 | Snake:4  | Noticed Asterion
 40561 | Snake:4  | Killed Asterion
 40907 | Snake:4  | Found a shimmering altar of Xom.
 42135 | Snake:4  | Reached skill level 15 in Axes
 42495 | Snake:4  | Got a serpentine rune of Zot
 43250 | D:14     | Found a gate to the Vaults.
 43578 | D:15     | Entered Level 15 of the Dungeon
 43603 | D:15     | Identified Roxanne's Book of Grit
 43603 | D:15     | Noticed Roxanne
 43616 | D:15     | Identified Sif Muna's Secrets of the Assembled Impact
 43617 | D:15     | Found a staircase to the Depths.
 43795 | D:15     | Found a portal to a secret trove of treasure.
 43883 | D:15     | Noticed Kirke
 43895 | D:15     | Killed Kirke
 43896 | D:15     | Reached XP level 18. HP: 155/155 MP: 18/18
 44342 | Depths:1 | Entered Level 1 of the Depths
 44494 | Vaults:1 | Entered Level 1 of the Vaults
 44568 | Vaults:1 | Found a huge runed gate.
 44568 | Vaults:1 | Found a huge runed gate.
 44568 | Vaults:1 | Found a huge runed gate.
 44568 | Vaults:1 | Found a huge runed gate.
 44568 | Vaults:1 | Found a huge runed gate.
 44569 | Vaults:1 | Found a huge runed gate.
 44569 | Vaults:1 | Found a huge runed gate.
 44569 | Vaults:1 | Found a huge runed gate.
 44569 | Vaults:1 | Found a huge runed gate.
 44573 | Vaults:1 | Found a huge runed gate.
 44573 | Vaults:1 | Found a huge runed gate.
 44573 | Vaults:1 | Found a huge runed gate.
 44573 | Vaults:1 | Found a huge runed gate.
 44573 | Vaults:1 | Found a huge runed gate.
 44573 | Vaults:1 | Found a huge runed gate.
 44574 | Vaults:1 | Found a huge runed gate.
 44576 | Vaults:1 | Found a huge runed gate.
 44577 | Vaults:1 | Found a huge runed gate.
 44583 | Vaults:1 | Found a huge runed gate.
 44586 | Vaults:1 | Found a huge runed gate.
 44586 | Vaults:1 | Found a huge runed gate.
 44586 | Vaults:1 | Found a huge runed gate.
 44586 | Vaults:1 | Found a huge runed gate.
 44586 | Vaults:1 | Found a huge runed gate.
 44587 | Vaults:1 | Found a huge runed gate.
 44588 | Vaults:1 | Found a huge runed gate.
 44589 | Vaults:1 | Found a huge runed gate.
 44594 | Vaults:1 | Found a huge runed gate.
 44597 | Vaults:1 | Found a huge runed gate.
 44597 | Vaults:1 | Found a huge runed gate.
 44597 | Vaults:1 | Found a huge runed gate.
 44597 | Vaults:1 | Found a huge runed gate.
 44597 | Vaults:1 | Found a huge runed gate.
 44598 | Vaults:1 | Found a huge runed gate.
 44599 | Vaults:1 | Found a huge runed gate.
 44600 | Vaults:1 | Found a huge runed gate.
 44653 | Vaults:1 | Reached ***** piety under Ashenzari
 44763 | Vaults:1 | Noticed a hellephant
 44763 | Vaults:1 | Noticed a hellephant
 44920 | Vaults:1 | Reached skill level 5 in Dodging
 44939 | Vaults:1 | Found Axosorr's Assorted Antiques.
 45096 | Vaults:1 | Reached skill level 16 in Fighting
 45221 | Vaults:1 | Killed a hellephant
 45282 | Vaults:1 | Killed from afar by an ironbound thunderhulk

Illustrated notes

Levels and vault maps discovered:
D:1:      dpeg_arrival_boxorama, layout_loops_ring,
          dreamdust_ecumenical_altar_sealed_demon, chequers_serial_rivers_marsh,
          chequers_jeans
D:2:      layout_basic, minmay_tetromino_i2, uniq_robin
D:3:      layout_basic, serial_shops, shop, ebering_ghost_sewer_f, uniq_jessica
D:4:      layout_basic, serial_glass, glass_columns_a, glass_columns_a,
          hangedman_decor_clover_reticule
D:5:      layout_gridville, slow_altar_1, jmf_multi_god_temple2,
          minmay_temple_entry_proselytizer, uniq_grinder
D:6:      layout_cave_pools, minmay_increasing_density, uniq_crazy_yiuf_cottage
D:7:      layout_rooms, mainiacjoe_overflow_small_starburst, enter_bailey_8,
          lightli_orcish_oven, uniq_maggie
D:8:      minmay_evil_eye, layout_cave_pools
D:9:      layout_loops_ring, dpeg_lair_monsters, serial_shops, shop,
          uniq_maurice
D:10:     layout_rooms, serial_corexii_hall, chequers_hall_statues_wall_a,
          chequers_hall_statues_y
D:11:     layout_basic, orc_0_dummy, serial_shops, shop,
          serial_co_window_serial, co_window_cross_1,
          co_window_of_opportunity_a, co_window_corner_a, co_window_paths_a,
          co_window_paths_b, co_window_paths_a, co_window_unsneaky_path_d,
          co_window_broadway_c, co_window_cross_3, co_window_4corner_b,
          co_window_paths_e, glass_columns_b, minmay_gold_behind_fungi
D:12:     layout_irregular_city, serial_bayou, serial_bayou_ford_a,
          serial_bayou_lake_a, serial_bayou_pond_a, serial_bayou_pond_e,
          serial_bayou_shore_b, serial_bayou_lagoon_a, hangedman_glass_teeth,
          uniq_fannar
D:13:     layout_roguey, vehumet_statue, uniq_erolcha
D:14:     layout_loops_ring, hangedman_vaults_entry_quadrant_bands,
          nicolae_twisting_strands
D:15:     grunt_enter_depths_giant_problem, layout_loops_cross,
          serial_park_tiny_1, nicolae_trove_entry_free_sample, uniq_kirke,
          uniq_roxanne
Temple:   nicolae_temple_two_arcs
Lair:1:   dreamdust_isle_of_ice, layout_cave_pods, lemuel_fruit_tree,
          serial_bayou_shore_b, grunt_megastairs_2, uniq_erica
Lair:2:   layout_small_grid, minmay_swamp_entry_swarm, dummy_snake_entry,
          st_stairs_13, nicolae_quartered_pool_medium
Lair:3:   layout_layer_cave, grunt_megastairs_3
Lair:4:   wander_river, layout_regular_city, slime_entry_1,
          portal_ice_cave_entry_pillars_1, minivault_27,
          gammafunk_lair_bear_cave, serial_bayou_shore_b
Lair:5:   guppyfry_lair_end_dragon, layout_regular_city,
          hangedman_lair_tendril_chambers, chequers_serial_rivers_micro_b
Swamp:1:  layout_falls_marsh, evilmike_swamp_ruin_rubble_2,
          nicolae_swamp_drake_lake
Swamp:2:  layout_basic_swamp, evilmike_swamp_ruin_rubble_1
Swamp:3:  cheibrodos_swamp_tower_of_moss, layout_basic_swamp, serial_swamp_ruin,
          evilmike_swamp_ruin_house_5, hangedman_swamp_ruin_wall,
          evilmike_swamp_ruin_house_1, swamp_pool2
Swamp:4:  nzn_swamp_witches_coven, layout_basic_swamp, infiniplex_staircase_pool
Snake:1:  layout_rooms, nicolae_snake_storage_room, minmay_shop_grove
Snake:2:  layout_honeycomb, ebering_ghost_rock_garden
Snake:3:  layout_layer_cave, serial_bayou_shore_a
Snake:4:  minmay_snake_end_coiled, layout_cave_town, lemuel_oklob_altar,
          uniq_asterion
Orc:1:    layout_caves
Orc:2:    st_orc_elflike, layout_caves, uniq_urug
Vaults:1: vaults_room_grunt_arrival_ludios, ontoclasm_vaults_hangar,
          nicolae_vaults_stairing_the_circle, not_door_vault_due,
          nicolae_vaults_yaktaur_gun_rack, v_misc_32, nicolae_vaults_what_the_h,
          nicolae_vaults_little_squares_1, vaults_dpeg_diagonal,
          v_alt_pattern_1, ontoclasm_vaults_ligature,
          layout_vaults_chaotic_city, serial_shops, shop_statue
Depths:1: layout_roguey, xom_teletrap_fun, hell_entry,
          yredelemnul_forgotten_temple_becter

Skill      XL: |  1  2  3  4  5  6  7  8  9 10 11 12 13 14 15 16 17 18 |
---------------+-------------------------------------------------------+-----
Axes           | 2 5 7 9 11 13 14 15 | 15.1
Long Blades    | 1 2 3 4 5 7 8 9 10 | 10.0
Fighting       | 4 5 6 8 9 11 12 13 14 15 16 | 16.0
Armour         | 2 3 5 6 7 8 9 10 11 12 13 | 13.0
Evocations     | 1 3 5 6 7 |  7.2
Shields        | 2 4 6 7 9 10 11 | 11.4
Dodging        | 4 5 |  5.2
Stealth        | |  4.1

Action                   |  1- 3 |  4- 6 |  7- 9 | 10-12 | 13-15 | 16-18 || total
-------------------------+-------+-------+-------+-------+-------+-------++-------
Melee: Hand axe          |    22 |       |       |       |       |       ||    22
       Falchion          |    58 |   117 |   232 |   691 |   548 |       ||  1646
       Punch             |       |       |     4 |       |       |       ||     4
       Broad axe         |       |       |       |       |  1175 |  1099 ||  2274
Invok: Curse Item        |       |       |     1 |     5 |     4 |     3 ||    13
       Shatter the Chain |       |       |       |       |     4 |     1 ||     5
Evoke: Wand              |       |       |     5 |     7 |    17 |     3 ||    32
       Phantom mirror    |       |       |       |     1 |       |     1 ||     2
       Phial of floods   |       |       |       |       |       |     1 ||     1
  Use: Scroll            |     4 |     3 |     2 |       |    11 |    17 ||    37
 Stab: Sleeping          |     8 |     5 |    11 |     8 |       |     2 ||    34
       Paralysed         |       |       |    11 |    18 |    18 |       ||    47
       Distracted        |       |       |       |     1 |     1 |     1 ||     3
       Invisible         |       |       |       |       |       |     2 ||     2
Armor: Leather armour    |    25 |    23 |    75 |   226 |    58 |       ||   407
       Ring mail         |       |     7 |       |       |       |       ||     7
       Chain mail        |       |       |       |       |   772 |   404 ||  1176
Dodge: Dodged            |    33 |    77 |   117 |   264 |   592 |   331 ||  1414
Block: Buckler           |       |       |     5 |   203 |   688 |   663 ||  1559
       Reflection        |       |       |       |       |       |    98 ||    98

Table legend: (Time is in decaauts)
 A = Elapsed time spent in this place.
 B = Non-inter-level travel time spent in this place.
 C = Inter-level travel time spent in this place.
 D = Time resting spent in this place.
 E = Time spent auto-exploring this place.
 F = Levels seen in this place.
 G = Mean time per level.
                   A        B        C        D        E       F      G
               +--------+--------+--------+--------+--------+-----+--------+
         Total |  45130 |  42259 |   2871 |  16260 |  15758 |  35 | 1289.4 |
       Dungeon |  18853 |  17228 |   1625 |   6345 |   7562 |  15 | 1256.9 |
        Temple |    156 |    150 |      6 |      0 |    113 |   1 |  156.0 |
          Lair |  11257 |  10574 |    683 |   5109 |   3643 |   5 | 2251.4 |
         Swamp |   3817 |   3665 |    152 |   1038 |   1199 |   4 |  954.2 |
     Snake Pit |   4467 |   4309 |    158 |    721 |   1944 |   4 | 1116.8 |
  Orcish Mines |   2930 |   2698 |    232 |   1024 |    829 |   2 | 1465.0 |
        Vaults |    755 |    755 |      0 |    283 |    171 |   1 |  755.0 |
        Depths |     85 |     73 |     12 |     43 |      5 |   1 |   85.0 |
        Bailey |    849 |    849 |      0 |    509 |     76 |   1 |  849.0 |
      Ice Cave |   1958 |   1958 |      0 |   1187 |    215 |   1 | 1958.0 |
               +--------+--------+--------+--------+--------+-----+--------+

Top non-repeatable levels by time:
    D:11: 3504 daAuts
  Lair:5: 2837 daAuts
  Lair:4: 2393 daAuts
   Orc:2: 2390 daAuts
  Lair:2: 2199 daAuts
  Lair:1: 2008 daAuts
   IceCv: 1958 daAuts
 Snake:4: 1939 daAuts
  Lair:3: 1818 daAuts
     D:8: 1630 daAuts
    D:12: 1588 daAuts
     D:9: 1584 daAuts
    D:13: 1272 daAuts
     D:2: 1253 daAuts
 Swamp:1: 1161 daAuts
